 Dungeon Crawl Stone Soup version 0.27-a0-1140-g099f9bb0e8 (webtiles) character file.

Game seed: 17881860900400648613

115 agentchuck the Grave Robber (level 4, 0/24 HPs)
             Began as a Vampire Necromancer on May 9, 2021.
             Slain by a jackal (3 damage)
             ... on level 4 of the Dungeon.
             The game lasted 00:11:24 (3303 turns).

agentchuck the Grave Robber (Vampire Necromancer)   Turns: 3303, Time: 00:11:25

Health: 0/24       AC:  3    Str:  7    XL:     4   Next: 68%
Magic:  1/7        EV: 11    Int: 18    God:
Gold:   126        SH:  0    Dex: 14    Spells: 3/7 levels left

rFire    . . .     SeeInvis +   w - +2 short sword (speed)
rCold    + + .     Faith    .   (no shield)
rNeg     + + +     Spirit   .   r - +0 leather armour
rPois    ∞         Reflect  .   (no helmet)
rElec    .         Harm     .   (no cloak)
rCorr    .         Rampage  .   (no gloves)
Will     .....                  (no boots)
Stlth    +++++.....             (no amulet)
HPRegen  0.00/turn              (no ring)
MPRegen  0.10/turn              (no ring)

@: bloodless
A: bloodless, fangs 3, see invisible, unbreathing 1, vampiric 2
a: Bat Form, Revivify


You were on level 4 of the Dungeon.
You visited 1 branch of the dungeon, and saw 4 of its levels.

You collected 126 gold pieces.


Innate Abilities, Weirdness & Mutations

You do not regenerate when monsters are visible.
You are frail without blood (-20% HP).
You can heal yourself when you bite living creatures.
You are immune to poison.
You have razor-sharp teeth.
You have supernaturally acute eyesight. (SInv)
You can survive without breathing.
You are afflicted with vampirism and can become a bat while bloodless.


   Skills:
 + Level 0.4 Fighting
 + Level 2.0 Short Blades
 - Level 2.1 Dodging
 - Level 5.1 Stealth
 - Level 2.0 Spellcasting
 + Level 5.4 Necromancy


You had 3 spell levels left.
You knew the following spells:

 Your Spells              Type           Power      Damage    Failure   Level
v - Vampiric Draining     Necr           10%        2d7       9%          3
z - Pain                  Necr           84%        1d8       3%          1

Your spell library contained the following spells:

 Spells                   Type           Power      Damage    Failure   Level
 Animate Skeleton         Necr           42%        N/A       3%          1
 Blink                    Tloc           N/A        N/A       38%         2
 Gell's Gravitas          Tloc           0%         N/A       63%         3
 Lesser Beckoning         Tloc           0%         N/A       63%         3
 Teleport Other           Tloc           1%         N/A       63%         3
 Animate Dead             Necr           10%        N/A       28%         4
 Agony                    Necr           21%        N/A       63%         5
 Petrify                  Tmut/Erth      1%         N/A       95%         4
 Bolt of Magma            Conj/Fire/Erth 0%         4d4       100%        5
 Irradiate                Conj/Tmut      0%         3d13      100%        5
 Manifold Assault         Tloc           1%         N/A       100%        5

Inventory:

Hand Weapons
 q - a +1 hand axe of electrocution
 w - a +2 short sword of speed (weapon)
Missiles
 f - 120 stones
Armour
 a - a +0 robe
 d - a +0 kite shield
 i - a +0 ring mail
 r - a +0 leather armour (worn)
Scrolls
 b - a scroll of enchant weapon {unknown}
 h - 2 scrolls of teleportation {unknown}
 l - a scroll of brand weapon {unknown}
 m - a scroll of enchant armour {unknown}
 o - a scroll of identify {unknown}
 p - a scroll of acquirement {unknown}
Potions
 c - 2 potions of degeneration {unknown}
 e - a potion of attraction {unknown}
 g - 2 potions of curing {unknown}
 j - 2 potions of invisibility {unknown}
 k - a potion of resistance {unknown}
 n - a potion of mutation {unknown}

Dungeon Overview and Level Annotations

Branches:
Dungeon (4/15)
 Temple: D:4-7

Altars:

Shops:
D:1 [

Annotations:
D:3 exclusion: adder
D:4 2 transporters, Drazool's ghost, amateur DsGl; Ijyb

.....[..▒©..........▒...
.....♣.J▒...........▒o#.
.......g▒..▒▒...▒▒..▒...
#♣.♣.♣l.▒..▒8...8▒..▒Z#.
##.###Z.▒Z.▒▒...▒▒..▒g#.
.......S▒.Z...©.....▒h#
.......h▒n.▒▒...▒▒..▒.##
.......n▒Z.▒8...8▒..▒...
......h@▒W.▒▒...▒▒..▒..#
........▒...........▒..#
........▒....$=$....▒...
........▒▒▒▒▒▒▒▒▒▒▒▒▒...
..............©.oh.g....
###.............#######.
#............###### .
...................# .
.........######.. .


You could see 2 necrophages, an iguana, Drazool's ghost, a wyvern zombie, an
endoplasm, 2 jackals, a goblin, a ball python, a hound skeleton, a bullfrog
skeleton and a centaur skeleton.


Message History

* * * LOW HITPOINT WARNING * * *
The adder closely misses you.
Drazool's ghost shrieks, "What do you have that I didn't have?"
Okay, then.
Unknown command.
A jackal comes into view.
Casting: Pain (safe; 3% risk of failure)
Confirm with . or Enter, or press ? or * to list all spells.
The spell is quite dangerous to cast (9% risk of failure)!
Continue anyway?
Aiming: Vampiric Draining (quite dangerous; 9% risk of failure)
Press: ? - help, Shift-Dir - straight line, f - adder
Aim: an adder You draw life force from the adder.
You feel life coursing into your body. The adder misses you.
The jackal barks!
The adder closely misses you.
The jackal barks!
The adder bites you.
* * * LOW HITPOINT WARNING * * *
Casting: Vampiric Draining (quite dangerous; 9% risk of failure)
Confirm with . or Enter, or press ? or * to list all spells.
The spell is quite dangerous to cast (9% risk of failure)!
Continue anyway?
Aiming: Vampiric Draining (quite dangerous; 9% risk of failure)
Press: ? - help, Shift-Dir - straight line, f/p - adder
Aim: an adder (severely wounded)
You draw life force from the adder.
You kill the adder!
You feel life coursing into your body. The necrophage barely misses you.
The jackal bites you.
You die...

Skill      XL: |  1  2  3  4 |
---------------+-------------+-----
Stealth        | 4 5 |  5.1
Necromancy     | 5 |  5.4
Short Blades   | 1 2 |  2.0
Fighting       | |  0.4
Dodging        | |  2.1
Spellcasting   | |  2.0

Action                   |  1- 3 |  4- 6 || total
-------------------------+-------+-------++-------
Melee: Unarmed           |     1 |       ||     1
       Short sword       |    36 |     1 ||    37
       Bite              |     4 |       ||     4
       Hand axe          |     4 |       ||     4
 Cast: Pain              |    55 |     6 ||    61
       Vampiric Draining |       |     2 ||     2
 Abil: Exsanguinate      |     1 |       ||     1
 Stab: Sleeping          |     9 |     1 ||    10
Armor: Robe              |     6 |       ||     6
       Leather armour    |       |     3 ||     3
Dodge: Dodged            |    24 |     9 ||    33

Levels and vault maps discovered:
D:1:      minmay_arrival_floating_metal, layout_loops_cross, serial_shops,
          nicolae_shop_temple_entry_statues_fountains
D:2:      minmay_chambers_of_twos, layout_loops_corners, minmay_distorted
D:3:      layout_basic, basic_ecumenical_altar, dk_noncrumbling_4,
          eino_curves_01, chequers_serial_rivers_small_b, uniq_jessica
D:4:      layout_rooms, old_standard_altar, gammafunk_ghost_mausoleum,
          serial_forest, infiniplex_forest_straight_4,
          infiniplex_forest_zigzag_2, infiniplex_forest_straight_5,
          infiniplex_forest_lined_room_, infiniplex_forest_lined_4_way,
          infiniplex_forest_clump_double, infiniplex_forest_lined_room_2,
          infiniplex_forest_side_room, uniq_ijyb

Notes
Turn   | Place    | Note
-------+----------+-------------------------------------------
     0 | D:1      | agentchuck the Vampire Necromancer began the quest for the
                  | Orb.
     0 | D:1      | Reached XP level 1. HP: 13/13 MP: 3/3
   229 | D:1      | Reached XP level 2. HP: 19/19 MP: 1/5
   306 | D:1      | Found Ycvoilus's Armour Shoppe.
   421 | D:1      | Reached skill level 4 in Stealth
  1033 | D:2      | Gained mutation: You are afflicted with vampirism and can
                  | become a bat while bloodless. [Vampire growth]
  1033 | D:2      | Reached XP level 3. HP: 23/24 MP: 3/6
  1247 | D:2      | Reached skill level 5 in Necromancy
  1859 | D:2      | Reached skill level 1 in Short Blades
  1941 | D:2      | Identified the Almanac of the Special Emperors
  2108 | D:2      | Learned a level 3 spell: Vampiric Draining
  2536 | D:3      | Found a faded altar of an unknown god.
  2576 | D:3      | Noticed Jessica
  2614 | D:3      | Killed Jessica
  2615 | D:3      | Reached skill level 5 in Stealth
  2615 | D:3      | Reached XP level 4. HP: 24/24 MP: 4/7
  3125 | D:4      | Noticed Ijyb
  3172 | D:3      | Reached skill level 2 in Short Blades
  3272 | D:4      | Found a transporter.
  3273 | D:4      | Noticed Drazool's ghost (amateur DsGl)
  3277 | D:4      | Noticed a necrophage
  3283 | D:4      | Found a transporter.
  3286 | D:4      | Noticed a necrophage
  3301 | D:4      | HP: 2/24 [adder (5)]
  3303 | D:4      | Slain by a jackal

Vanquished Creatures
  Jessica (D:3)
  An orc wizard (D:3)
  An adder (D:4)
  A worm (D:3)
  A dart slug (D:1)
  6 ball pythons
  6 endoplasms
  2 giant cockroaches
  2 goblins
  5 hobgoblins
  5 jackals
  2 quokkas
  8 bats
  6 frilled lizards
  5 kobolds
  6 rats
58 creatures vanquished.

Table legend: (Time is in decaauts)
 A = Elapsed time spent in this place.
 B = Non-inter-level travel time spent in this place.
 C = Inter-level travel time spent in this place.
 D = Time resting spent in this place.
 E = Time spent auto-exploring this place.
 F = Levels seen in this place.
 G = Mean time per level.
                   A        B        C        D        E       F      G
               +--------+--------+--------+--------+--------+-----+--------+
         Total |   3315 |   3187 |    128 |    664 |   1812 |   4 |  828.8 |
       Dungeon |   3315 |   3187 |    128 |    664 |   1812 |   4 |  828.8 |
               +--------+--------+--------+--------+--------+-----+--------+

Top non-repeatable levels by time:
     D:2: 1347 daAuts
     D:3: 961 daAuts
     D:1: 950 daAuts
     D:4: 56 daAuts

Table legend:
 A = Non-vault XP
 B = Vault XP
 C = Vault XP percentage of total XP
 D = Non-vault monster count
 E = Vault monster count
 F = Vault count percentage of total count
                 A         B        C        D         E       F
            +---------+---------+-------+---------+---------+-------
      Total |     126 |      52 |  29.2 |      48 |      10 |  17.2
            +---------+---------+-------+---------+---------+-------
        D:1 |      35 |       0 |   0.0 |      21 |       0 |   0.0
        D:2 |      30 |      15 |  33.3 |      19 |       9 |  32.1
        D:3 |      48 |      37 |  43.5 |       7 |       1 |  12.5
        D:4 |      13 |       0 |   0.0 |       1 |       0 |   0.0
            +---------+---------+-------+---------+---------+-------
